 Dungeon Crawl Stone Soup version 0.16-a0-4038-ge07a62f (webtiles) character file.

823 Chiseanne the Chopper (level 8, -3/61 HPs)
             Began as a Formicid Gladiator on Feb 19, 2015.
             Was a Believer of Okawaru.
             Slain by smajdalf's ghost (8 damage)
             ... on level 5 of the Dungeon.
             The game lasted 00:11:42 (4471 turns).

Chiseanne the Chopper (Formicid Gladiator)          Turns: 4471, Time: 00:11:42

Health: -3/61      AC: 10    Str: 17 (20) XL:     8   Next: 17%
Magic:  11/11      EV:  8    Int:  8      God:    Okawaru [**....]
Gold:   24         SH:  0    Dex: 11      Spells: 0 memorised, 7 levels left

rFire  . . .     SeeInvis +     a - +1 war axe
rCold  + . .     Clarity  .     h - +1 chain mail
rNeg   . . .     SustAb   .     (no shield)
rPois  +         Gourm    .     (helmet unavailable)
rElec  .         Spirit   .     (no cloak)
rCorr  .         Warding  .     (no gloves)
rMut   +         Stasis   +     (no boots)
MR     .....                    l - amulet of resist mutation
Stlth  ..........               (no ring)
                                k - ring of poison resistance (curse)

@: not resistant to hostile enchantments, extremely unstealthy
A: permanent stasis, dig shafts and tunnels, four strong arms, antennae 3,
clumsy 1, cold resistance 1
a: Dig, Shaft Self, Heroism, Renounce Religion


You were on level 5 of the Dungeon.
You worshipped Okawaru.
Okawaru was pleased with you.
You were hungry.

You visited 1 branch of the dungeon, and saw 5 of its levels.

You collected 228 gold pieces.
You spent 204 gold pieces at shops.

Inventory:

Hand weapons
 a - a +1 war axe (weapon)
 s - a +0 dagger of venom
 w - a +0 blowgun
Missiles
 b - 5 tomahawks of returning
 d - 2 throwing nets (quivered)
 e - 14 tomahawks
 i - 22 poisoned needles
Armour
 h - a +1 chain mail (worn)
Jewellery
 k - a cursed ring of poison resistance (left hand)
 l - an amulet of resist mutation (around neck)
 t - an uncursed ring of ice
Scrolls
 c - a scroll of remove curse
 p - 4 scrolls of fear
 r - a scroll of identify
Potions
 n - a potion of flight
Comestibles
 f - 3 bread rations
 g - 4 meat rations
 m - a fruit
 q - a slice of pizza


   Skills:
 * Level 4.9 Fighting
 * Level 6.0 Axes
 - Level 1.5 Throwing
 * Level 5.0 Armour
 * Level 3.6 Dodging


You had 7 spell levels left.
You didn't know any spells.

Dungeon Overview and Level Annotations

Branches:
Dungeon (5/15)
 Temple: D:4-7

Altars:
Ashenzari
Gozag
Kikubaaqudgha
Okawaru
Ru
Trog
Yredelemnul

Shops:
D:4 *

Annotations:
D:5 smajdalf's ghost, experienced OpIE


Innate Abilities, Weirdness & Mutations

You are under a permanent stasis effect.
You can dig through walls and to a lower floor.
Your four strong arms can wield two-handed weapons with a shield.
You have a pair of large antennae on your head (SInv).
You are clumsy. (Dex -2)
Your flesh is cold resistant.


Message History

Smajdalf's ghost is lightly damaged.
Smajdalf's ghost shouts, "You will join me soon!"
Smajdalf's ghost hits you but does no damage.
You hit smajdalf's ghost but do no damage.
Smajdalf's ghost is lightly damaged.
Smajdalf's ghost hits you but does no damage.
You hit smajdalf's ghost but do no damage.
Smajdalf's ghost is lightly damaged.
Smajdalf's ghost hits you but does no damage.
You hit smajdalf's ghost but do no damage.
Smajdalf's ghost is lightly damaged.
Smajdalf's ghost hits you.
* * * LOW HITPOINT WARNING * * *
You hit smajdalf's ghost but do no damage.
Smajdalf's ghost is lightly damaged.
Smajdalf's ghost hits you.
* * * LOW HITPOINT WARNING * * *
Smajdalf's ghost hits you but does no damage.
You are electrocuted!
You die...

.....#..#..##....###
...##.#..#..####....##
....##...#............
#..........####..##.##
#.............#.#..##
#.........##......#.#
#.........#......###.
..>##.........#.....####.
.......W@........##.###..
.........................
...............#.......#
#......................#
..#.....................
#.....................
..#......... .........
.......... ......... ....
........


You could see smajdalf's ghost.

Vanquished Creatures
  A water moccasin (D:4)
  A phantom (D:4)
  An ogre (D:4)
  A crimson imp (D:4)
  2 orc priests (D:4)
  2 hounds (D:4)
  Natasha (thrice) (D:4)
  3 orc wizards (D:4)
  A worker ant (D:4)
  Ijyb (D:4)
  A hound skeleton (D:4)
  13 adders
  A shadow imp (D:3)
  A giant mite (D:2)
  A worm (D:3)
  A giant gecko (D:4)
  15 orcs
  10 bats
  A bat skeleton (D:4)
  4 giant cockroaches
  16 goblins
  8 hobgoblins
  3 jackals (D:2)
  2 quokkas (D:2)
  2 ball pythons
  3 giant newts
  12 kobolds
  A quokka skeleton (D:4)
  9 rats
120 creatures vanquished.

Notes
Turn   | Place    | Note
--------------------------------------------------------------
     0 | D:1      | Chiseanne, the Formicid Gladiator, began the quest for the Orb.
     0 | D:1      | Reached XP level 1. HP: 16/16 MP: 1/1
   206 | D:1      | Reached XP level 2. HP: 23/23 MP: 3/3
   383 | D:1      | Reached skill level 1 in Armour
   596 | D:1      | Reached XP level 3. HP: 28/28 MP: 4/4
  1157 | D:2      | Found an iron altar of Okawaru.
  1166 | D:2      | Became a worshipper of Warmaster Okawaru
  1171 | D:2      | Reached XP level 4. HP: 32/34 MP: 5/5
  1424 | D:2      | Found an opulent altar of Gozag.
  1634 | D:2      | Found a bloodstained altar of Trog.
  1634 | D:2      | Found a basalt altar of Yredelemnul.
  1870 | D:3      | Reached XP level 5. HP: 35/41 MP: 7/7
  1871 | D:3      | Reached skill level 4 in Axes
  2133 | D:3      | Found a sacrificial altar of Ru.
  2497 | D:3      | Found a shattered altar of Ashenzari.
  2807 | D:4      | Noticed a phantom
  2827 | D:4      | Reached XP level 6. HP: 11/47 MP: 8/8
  2841 | D:4      | Killed a phantom
  2841 | D:4      | Acquired Okawaru's first power
  3161 | D:4      | Noticed Natasha
  3169 | D:4      | Killed Natasha
  3169 | D:4      | Reached XP level 7. HP: 47/54 MP: 9/9
  3179 | D:4      | Found an ancient bone altar of Kikubaaqudgha.
  3239 | D:4      | Reached skill level 5 in Axes
  3393 | D:4      | Noticed Natasha
  3402 | D:4      | Killed Natasha
  3412 | D:4      | Noticed Natasha
  3416 | D:4      | Killed Natasha
  3619 | D:4      | Noticed Ijyb
  3635 | D:4      | Killed Ijyb
  3745 | D:4      | Found Wacuru's Serpentskin Sales.
  3745 | D:4      | Noticed a water moccasin
  3758 | D:4      | Killed a water moccasin
  3758 | D:4      | Reached XP level 8. HP: 13/61 MP: 11/11
  3760 | D:4      | HP: 1/61 [adder (3)]
  3766 | D:4      | Reached skill level 5 in Armour
  3770 | D:4      | Bought a cursed ring of poison resistance for 204 gold pieces
  4196 | D:5      | Entered Level 5 of the Dungeon
  4207 | D:5      | Reached skill level 6 in Axes
  4441 | D:5      | Noticed smajdalf's ghost (experienced OpIE)
  4443 | D:5      | Gained mutation: You are clumsy. (Dex -2) [potion of mutation]
  4445 | D:5      | Gained mutation: Your flesh is cold resistant. [potion of mutation]
  4471 | D:5      | Slain by smajdalf's ghost

Action                   |  1- 3 |  4- 6 |  7- 9 || total
-------------------------+-------+-------+-------++-------
Melee: War axe           |    87 |   160 |   133 ||   380
Throw: Throwing net      |       |       |     1 ||     1
  Use: Scroll            |       |    12 |     1 ||    13
       Potion            |       |     1 |     8 ||     9
  Eat: Chunk             |     1 |     4 |     2 ||     7
       Bread ration      |       |     1 |       ||     1
